 Dungeon Crawl Stone Soup version 0.24.1-8-ga250c9d538 (webtiles) character file.

Game seed: 10667424688305297990, levelgen mode: deterministic

68 nightchill the Ruffian (level 4, -1/38 HPs)
             Began as a Ghoul Warper on May 4, 2020.
             Slain by Natasha (5 damage)
             ... on level 1 of the Dungeon.
             The game lasted 00:04:27 (2116 turns).

nightchill the Ruffian (Ghoul Warper)               Turns: 2116, Time: 00:04:28

Health: -1/38      AC:  7    Str: 15    XL:     4   Next: 19%
Magic:  5/5        EV:  9    Int:  8    God:
Gold:   38         SH:  0    Dex:  8    Spells: 6/6 levels left

rFire    . . .     SeeInvis .     - Unarmed
rCold    + . .     Gourm    .   (no shield)
rNeg     + + +     Faith    .   b - +0 scale mail
rPois    ∞         Spirit   .   j - +0 helmet
rElec    .         Reflect  .   (no cloak)
rCorr    .         Harm     .   (no gloves)
MR       .....                  (no boots)
Stlth    ..........             (no amulet)
HPRegen  0.00/turn              (no ring)
MPRegen  0.09/turn              (no ring)

@: rotting, hasted and slowed, invisible
A: rotting body, claws 1, carnivore, cold resistance 1, negative energy
resistance 3, inhibited regeneration, torment resistance, unbreathing
a: no special abilities


You were on level 1 of the Dungeon.
You were not hungry.

You visited 1 branch of the dungeon, and saw 2 of its levels.

You collected 38 gold pieces.

Inventory:

Missiles
 d - 4 boomerangs of dispersal (quivered)
Armour
 a - a +0 leather armour
 b - a +0 scale mail (worn)
 j - a +0 helmet (worn)
Scrolls
 c - 2 scrolls of blinking
 g - 2 scrolls of remove curse {unknown}
Comestibles
 f - 2 rations


   Skills:
 + Level 3.2 Fighting
 - Level 0.8 Throwing
 - Level 0.8 Armour
 - Level 1.7 Dodging
 * Level 4.1 Unarmed Combat
 - Level 1.7 Spellcasting
   Level 2.6 Translocations


You had 6 spell levels left.
You didn't know any spells.
Your spell library contained the following spells:

 Spells                   Type           Power        Failure   Level  Hunger
 Blink                    Tloc           N/A          58%         2    ###....
 Shroud of Golubria       Chrm/Tloc      #.....       78%         2    ###....
 Gell's Gravitas          Tloc           #.........   83%         3    ####...
 Lesser Beckoning         Tloc           #.........   83%         3    ####...
 Teleport Other           Tloc           #.......     83%         3    ####...
 Passage of Golubria      Tloc           N/A          99%         4    #####..


Dungeon Overview and Level Annotations

Branches:
Dungeon (2/15)

Altars:

Annotations:
D:1 Natasha


Innate Abilities, Weirdness & Mutations

Your body is rotting away.
You thrive on raw meat.
You are immune to poison.
You have sharp fingernails.
You are carnivorous and can eat meat at any time.
Your flesh is cold resistant. (rC+)
You are immune to negative energy. (rN+++)
You do not regenerate when monsters are visible.
You are immune to unholy pain and torment.
You can survive without breathing.


Message History

Natasha closely misses you.
You scratch Natasha but do no damage.
Natasha is moderately wounded.
You barely miss Natasha.
Natasha is moderately wounded.
Natasha claws you.
* * * LOW HITPOINT WARNING * * *
You miss Natasha. Your claw misses Natasha.
Natasha is moderately wounded.
Natasha stares at you and mumbles some strange words.
You feel yourself slow down.
You barely miss Natasha.
Natasha is moderately wounded.
Natasha claws you.
* * * LOW HITPOINT WARNING * * *
Okay, then.
It was a potion of invisibility.
You fade into invisibility!
Natasha claws you.
You die...

...)......................#
.########################.#
.#........................####
.#.########################..#
.#.......................<#..#
.##########################..#
.# #.#####.##.#.# #..# ##
#.......h..#.#######..# #
#.##.##.#@............#
########.##.##.#).##########.##
.................>............#
###.####.##.##.#..#############
#.# #.##.##.#..#.....#
###)####.##.##.#..#.###.######
.........##.##.#..#..).......#
###.#######.##.#..#####.####.#
#.# #.##.#.........# #.#


You could see Natasha.

Vanquished Creatures
  Robin (D:2)
  An adder (D:2)
  A dart slug (D:1)
  A ball python (D:1)
  5 bats (D:1)
  A giant cockroach (D:1)
  11 goblins
  7 hobgoblins
  2 quokkas
  5 frilled lizards (D:1)
  4 kobolds (D:1)
  4 rats
43 creatures vanquished.

Notes
Turn   | Place    | Note
-------+----------+-------------------------------------------
     0 | D:1      | nightchill the Ghoul Warper began the quest for the Orb.
     0 | D:1      | Reached XP level 1. HP: 17/17 MP: 2/2
   351 | D:1      | Reached XP level 2. HP: 25/25 MP: 3/3
   743 | D:1      | Reached skill level 3 in Unarmed Combat
  1384 | D:1      | Reached XP level 3. HP: 19/30 MP: 4/4
  1518 | D:2      | Noticed Robin
  1940 | D:2      | Killed Robin
  1940 | D:2      | Reached skill level 4 in Unarmed Combat
  1940 | D:2      | Reached XP level 4. HP: 24/38 MP: 5/5
  2081 | D:2      | Noticed Natasha
  2116 | D:1      | Slain by Natasha

Levels and vault maps discovered:
D:1:      wheals_arrival_linesprint, layout_basic
D:2:      layout_rooms, uniq_robin, uniq_natasha

Skill      XL: |  1  2  3 |
---------------+----------+-----
Unarmed Combat | 3 4 |  4.1
Fighting       | 3 |  3.2
Throwing       | |  0.8
Armour         | |  0.8
Dodging        | |  1.7
Spellcasting   | |  1.7
Translocations | |  2.6

Action                   |  1- 3 |  4- 6 || total
-------------------------+-------+-------++-------
Melee: Unarmed           |   140 |    25 ||   165
       Punch             |     1 |       ||     1
Throw: Boomerang         |       |     1 ||     1
  Use: Potion            |       |     2 ||     2
  Eat: Chunk             |    11 |     3 ||    14
Armor: Leather armour    |    19 |       ||    19
       Scale mail        |    36 |     7 ||    43
Dodge: Dodged            |    98 |     7 ||   105
